Map: Ruins of Endion

Players

Fropez - Winner!

  • Race: Protoss Protoss
  • League: Silver
  • Spawn Location: 7:00

TRex

  • Race: Protoss Protoss
  • Spawn Location: 5:00

VOD

Have the link to the VOD?

Description

Time

  • Played on: May 17, 2016, 5:05 p.m.
  • Length: 8:15
Show
View Real Time Build Order
Export as new Build Order

Fropez Protoss - Winner!

Build Orders:  

Get SALT Encoding   

  12  0:13  Pylon  
  12  0:22  Probe (Chrono Boost)  
  13  0:31  Gateway  
  13  0:34  Probe (Chrono Boost)  
  14  0:42  Assimilator  
  14  0:45  Probe (Chrono Boost)  
  15  0:56  Probe (Chrono Boost)  
  16  1:04  Gateway  
  16  1:08  Gateway  
  16  1:11  Probe (Chrono Boost)  
  17  1:22  Probe (Chrono Boost)  
  18  1:29  Cybernetics Core  
  18  1:34  Assimilator  
  18  1:37  Probe (Chrono Boost)  
  19  1:47  Pylon  
  19  1:48  Probe (Chrono Boost)  
  20  1:59  Probe (Chrono Boost)  
  21  2:16  Adept x2  
  21  2:19  Mothership Core (Chrono Boost)  
  27  2:22  Warp Gate (Chrono Boost)  
  27  2:38  Probe (Chrono Boost)  
  27  2:42  Forge  
  28  2:51  Adept  
  30  3:03  Pylon  
  30  3:17  Probe  
  30  3:19  Protoss Ground Weapons Level 1 (Chrono Boost)  
  31  3:21  Adept  
  33  3:29  Probe  
  34  3:41  Probe  
  35  3:49  Nexus  
  35  4:21  Probe  
  36  4:33  Probe  
  35  4:45  Gateway  
  35  4:48  Gateway  
  35  4:52  Assimilator  
  35  4:57  Assimilator  
  35  4:58  Pylon  
  35  5:00  Probe  
  35  5:01  Probe, Protoss Ground Armor Level 1 (Chrono Boost)  
  35  5:05  Pylon  
  37  5:12  Adept x2  
  41  5:23  Probe x2  
  41  5:27  Pylon  
  43  5:33  Probe  
  44  5:35  Probe  
  45  5:43  Adept x3  
  45  5:44  Adept  
  45  5:49  Probe  
  54  5:50  Probe  
  49  6:17  Robotics Facility  
  49  6:30  Pylon  
  45  6:32  Pylon  
  45  6:36  Stalker x4  
  47  7:00  Probe  
  47  7:01  Twilight Council, Probe  
  48  7:04  Immortal (Chrono Boost)  
  53  7:14  Sentry x4  
  61  7:41  Immortal (Chrono Boost)  
  65  7:46  Stalker x4  
Show
View Real Time Build Order
Export as new Build Order

TRex Protoss 

Build Orders:  

Get SALT Encoding   

  12  0:01  Probe (Chrono Boost)  
  13  0:11  Probe (Chrono Boost)  
  14  0:18  Pylon  
  14  0:22  Probe (Chrono Boost)  
  15  0:36  Probe (Chrono Boost)  
  15  0:38  Gateway  
  16  0:47  Probe (Chrono Boost)  
  17  0:57  Probe (Chrono Boost), Assimilator  
  17  0:59  Assimilator  
  18  1:08  Probe (Chrono Boost)  
  20  1:18  Probe (Chrono Boost)  
  20  1:24  Pylon  
  20  1:29  Probe (Chrono Boost)  
  21  1:40  Probe (Chrono Boost)  
  21  1:45  Cybernetics Core  
  22  1:52  Probe (Chrono Boost)  
  23  2:03  Probe (Chrono Boost)  
  24  2:10  Nexus  
  24  2:11  Pylon  
  25  2:15  Probe (Chrono Boost)  
  25  2:23  Warp Gate  
  25  2:26  Probe (Chrono Boost)  
  26  2:36  Probe (Chrono Boost)  
  27  2:37  Pylon  
  27  2:45  Stalker  
  30  2:58  Probe (Chrono Boost)  
  30  3:09  Probe (Chrono Boost)  
  30  3:11  Robotics Facility  
  30  3:12  Pylon  
  31  3:15  Gateway  
  33  3:20  Mothership Core (Chrono Boost)  
  33  3:23  Probe (Chrono Boost)  
  34  3:33  Probe (Chrono Boost)  
  35  3:37  Forge  
  35  3:38  Probe (Chrono Boost)  
  36  3:42  Stalker  
  36  3:44  Probe (Chrono Boost)  
  39  3:50  Probe (Chrono Boost)  
  39  3:54  Probe (Chrono Boost)  
  41  3:56  Assimilator  
  41  4:01  Probe (Chrono Boost), Assimilator  
  42  4:05  Probe (Chrono Boost)  
  37  4:18  Probe x2 (Chrono Boost)  
  39  4:28  Probe (Chrono Boost)  
  39  4:29  Pylon  
  39  4:30  Observer  
  41  4:37  Stalker  
  41  4:38  Probe (Chrono Boost)  
  42  4:39  Probe (Chrono Boost)  
  42  4:45  Stalker  
  45  4:48  Probe (Chrono Boost)  
  45  4:49  Probe (Chrono Boost)  
  47  4:59  Probe (Chrono Boost)  
  48  5:00  Probe (Chrono Boost)  
  48  5:06  Stalker  
  51  5:08  Observer  
  51  5:10  Probe x2 (Chrono Boost)  
  51  5:12  Protoss Ground Weapons Level 1  
  54  5:20  Probe (Chrono Boost), Gateway, Stalker  
  54  5:21  Probe (Chrono Boost)  
  58  5:29  Observer, Pylon  
  58  5:31  Probe x2 (Chrono Boost)  
  58  5:35  Stalker  
  63  5:46  Probe x2 (Chrono Boost)  
  63  5:49  Stalker  
  68  5:57  Probe (Chrono Boost)  
  68  6:01  Stalker  
  66  6:38  Probe x2 (Chrono Boost)  
  66  6:40  Pylon  
  66  6:41  Stalker x2  
  66  6:45  Immortal  
  74  6:48  Probe (Chrono Boost)  
  74  6:53  Probe (Chrono Boost)  
  76  6:59  Probe (Chrono Boost)  
  77  7:01  Stalker  
  77  7:04  Probe (Chrono Boost)  
  80  7:11  Nexus  
  80  7:12  Gateway  
  80  7:14  Gateway  
  80  7:18  Stalker x2  
  84  7:30  Stalker  
  86  7:56  Probe x2 (Chrono Boost)  
  84  8:00  Stalker x3  
Tags
 
League
Silver
Matchup
PvP
Replay Pack
All Mines
Spawn Locations
Close Positions
Add a new tag
Caveats
  • Supply blocks, unpowered buildings, or Contaminate may cause inaccurate times.
  • Supply counts are checked every 10 seconds.